 Dungeon Crawl Stone Soup version 0.26-a0-639-g72c4674329 (webtiles) character file.

Game seed: 1434812289482900518

84 KristoblXynda the Slasher (level 4, -1/38 HPs)
             Began as a Draconian Gladiator on Sept 17, 2020.
             Shot with a sling bullet by a hobgoblin (10 damage)
             ... on level 3 of the Dungeon.
             The game lasted 00:03:12 (1890 turns).

KristoblXynda the Slasher (Draconian Gladiator)     Turns: 1890, Time: 00:03:13

Health: -1/38      AC:  5    Str: 16    XL:     4   Next: 24%
Magic:  4/4        EV: 13    Int: 15    God:
Gold:   100        SH:  0    Dex: 13    Spells: 3/3 levels left

rFire    . . .     SeeInvis .   a - +0 long sword
rCold    . . .     Faith    .   (no shield)
rNeg     . . .     Spirit   .   (armour unavailable)
rPois    .         Reflect  .   b - +0 hat
rElec    .         Harm     .   (no cloak)
rCorr    .         Rampage  .   (no gloves)
MR       .....                  (no boots)
Stlth    +.........             (no amulet)
HPRegen  0.12/turn              d - +6 ring of intelligence
MPRegen  0.09/turn              (no ring)

@: no status effects
A: unfitting armour, cold-blooded, AC +5
a: no special abilities


You were on level 3 of the Dungeon.
You visited 1 branch of the dungeon, and saw 3 of its levels.

You collected 100 gold pieces.

Inventory:

Hand Weapons
 a - a +0 long sword (weapon)
Missiles
 c - 3 throwing nets (quivered)
Armour
 b - a +0 hat (worn)
Jewellery
 d - a +6 ring of intelligence (left hand)
Scrolls
 j - a scroll of teleportation {unknown}
 k - 2 scrolls of magic mapping {unknown}
 m - a scroll of random uselessness {unknown}
 o - a scroll of enchant weapon {unknown}
 p - 2 scrolls of remove curse
Potions
 e - 3 potions of curing
 f - a potion of heal wounds {unknown}
 g - 2 potions of might {unknown}
 h - a potion of berserk rage {unknown}
 i - a potion of cancellation {unknown}
 l - a potion of flight {unknown}


   Skills:
 + Level 3.1 Fighting
 * Level 4.0 Long Blades
 - Level 2.0 Throwing
 + Level 3.3 Dodging


You had 3 spell levels left.
You didn't know any spells.
Your spell library was empty.

Dungeon Overview and Level Annotations

Branches:
Dungeon (3/15)

Altars:


Innate Abilities, Weirdness & Mutations

Your plain brown scales are hard. (AC +5)
You cannot fit into any form of body armour.
You are cold-blooded and may be slowed by cold attacks.


Message History

The worm misses you.
You slash the worm! You tail-slap the worm.
The worm is severely wounded.
The hobgoblin shoots a sling bullet.
The sling bullet hits you but does no damage.
The worm bites you!
* * * LOW HITPOINT WARNING * * *
You hit the worm.
You kill the worm!
The hobgoblin shoots a sling bullet.
The sling bullet hits you.
* * * LOW HITPOINT WARNING * * *
The hobgoblin barely misses you.
Unknown command.
The hobgoblin hits you with a cursed +0 hunting sling.
* * * LOW HITPOINT WARNING * * *
The hobgoblin completely misses you.
You riposte.
You barely miss the hobgoblin.
Unknown command.
The hobgoblin shoots a sling bullet.
The sling bullet hits you!
You die...

#...... .. #.##... ...
#.##### .... #.##...
....####### #>##.##
..........########.##.##
......$...†(............
......!..g..............
.≈≈≈≈≈.@..≈.≈≈≈.≈≈.≈≈≈..
≈≈≈≈≈≈....≈≈≈≈≈≈≈≈≈≈≈≈≈≈
≈≈≈≈≈≈....≈≈≈≈≈≈≈≈≈≈≈≈≈≈
≈≈≈≈≈.....≈≈≈≈≈≈≈≈≈≈≈≈≈≈
#######++###############


You could see a hobgoblin.

Vanquished Creatures
  A gnoll (D:1)
  2 adders
  3 worms
  2 dart slugs
  2 leopard geckos (D:1)
  A ball python (D:2)
  5 bats
  12 goblins
  3 hobgoblins
  4 kobolds
  3 frilled lizards
  4 rats
42 creatures vanquished.

Notes
Turn   | Place    | Note
-------+----------+-------------------------------------------
     0 | D:1      | KristoblXynda the Draconian Gladiator began the quest for
                  | the Orb.
     0 | D:1      | Reached XP level 1. HP: 17/17 MP: 1/1
   135 | D:1      | Reached XP level 2. HP: 25/25 MP: 2/2
   765 | D:1      | Reached XP level 3. HP: 29/30 MP: 3/3
  1442 | D:2      | Reached XP level 4. HP: 38/38 MP: 4/4
  1575 | D:3      | Reached skill level 4 in Long Blades
  1890 | D:3      | Shot with a sling bullet by a hobgoblin

Illustrated notes

Levels and vault maps discovered:
D:1:      grunt_arrival_crossed_arrows, layout_basic
D:2:      layout_rooms, chequers_serial_rivers_small_b
D:3:      minmay_goblin_kobold_castle, layout_loops_ring

Skill      XL: |  1  2  3  4 |
---------------+-------------+-----
Throwing       | 2 |  2.0
Dodging        | 3 |  3.3
Fighting       | 3 |  3.1
Long Blades    | 4 |  4.0

Action                   |  1- 3 |  4- 6 || total
-------------------------+-------+-------++-------
Melee: Long sword        |    98 |    31 ||   129
       Tailslap          |    17 |     4 ||    21
  Use: Scroll            |       |     3 ||     3
Armor: Skin              |    40 |    10 ||    50
Dodge: Dodged            |    71 |    25 ||    96
       Rpst.: Long sword |    25 |     5 ||    30

Table legend: (Time is in decaauts)
 A = Elapsed time spent in this place.
 B = Non-inter-level travel time spent in this place.
 C = Inter-level travel time spent in this place.
 D = Time resting spent in this place.
 E = Time spent auto-exploring this place.
 F = Levels seen in this place.
 G = Mean time per level.
                   A        B        C        D        E       F      G
               +--------+--------+--------+--------+--------+-----+--------+
         Total |   1918 |   1893 |     25 |    453 |   1071 |   3 |  639.3 |
       Dungeon |   1918 |   1893 |     25 |    453 |   1071 |   3 |  639.3 |
               +--------+--------+--------+--------+--------+-----+--------+

Top non-repeatable levels by time:
     D:1: 983 daAuts
     D:2: 604 daAuts
     D:3: 330 daAuts
